AoeStats
← Chlupinek

MegaRandom

504564601Analyzed
4v4 RM · 26d ago on Sep 5, 2026· 26m 56s· 8 players
Game mode
Random Map
Map size
Large (8 player)
Population
200
Speed
Normal
Resources
Standard
Victory
Conquest
Starting age
Dark Age
Ending age
Imperial Age
RankedLock teamsTeams togetherTeam positionsShared explorationLock speedFull tech treeHidden civsTurbo modeCheats
Victory
Defeat
🇬🇧 Maya · United Kingdom
1656
+13
🇨🇳 Spanish · China
1655
+13
🇦🇷 Vietnamese · Argentina
1573
+17
🇨🇦 Magyars · Canada
1530
+19
🇨🇿 Bohemians · Czechia
1636
-17
🇺🇸 Cumans · United States
1595
-16
🇹🇷 Vietnamese · Türkiye
1576
-15
🇺🇸 Khitans · United States
1567
-14
boo
2:58 Loom
12:58 Feudal Age
19:16 Castle Age
17:23 Double-Bit Axe
18:10 Horse Collar
22:50 Scale Barding Armor
23:51 Wheelbarrow
24:33 Chain Barding Armor
25:25 Bloodlines
26:36 Forging
ashleylynn
10:34 Loom
12:38 Feudal Age
14:32 Forging
14:48 Fishing Lines
15:08 Double-Bit Axe
23:04 Town Watch
25:40 Castle Age
23:58 Scale Barding Armor
26:19 Gillnets
26:25 Stone Mining
27:54 Wheelbarrow
Chlupinek
7:42 Loom
9:33 Feudal Age
13:12 Double-Bit Axe
13:38 Fletching
15:30 Horse Collar
The_OFLi
7:25 Loom
10:28 Feudal Age
11:06 Double-Bit Axe
13:22 Fletching
14:29 Padded Archer Armor
22:33 Castle Age
23:09 Bodkin Arrow
22:35 Crossbowman
23:22 Thumb Ring
Mycorrhizal
6:44 Loom
9:29 Feudal Age
10:33 Double-Bit Axe
11:30 Horse Collar
22:19 Scale Barding Armor
27:25 Castle Age
Bz_青红
11:25 Feudal Age
15:07 Castle Age
13:31 Double-Bit Axe
13:50 Horse Collar
15:05 Loom
DiegoRasta
7:29 Loom
9:57 Feudal Age
10:55 Double-Bit Axe
13:17 Fletching
14:06 Padded Archer Armor
19:31 Horse Collar
21:04 Wheelbarrow
27:01 Castle Age
Torpedo
10:23 Loom
13:48 Feudal Age
15:03 Stone Mining
17:26 Castle Age
15:21 Double-Bit Axe
15:27 Fletching
15:45 Gold Mining
18:46 Bow Saw
18:32 Bodkin Arrow
20:30 Fishing Lines
21:30 Wheelbarrow
21:27 Padded Archer Armor
21:15 Town Watch
22:08 Medium Warships
21:49 Gillnets
22:39 Ballistics
26:22 Leather Archer Armor
Connection lost

Rejoining the realm…

Still unreachable

The connection could not be restored.

Session expired

The server has moved on; the page needs a fresh start.